TOP OF THE 1ST |
Milton Bills batting - Pitching for Balboa Buccaneers : LHP Albert Lucas
|
Pitching: LHP Albert Lucas
|
|
Batting: LHB David Hunt
|
0-0: Foul Ball, location: 2F 0-1: Ball 1-1: Ground out 4-3 (Groundball, 34)
|
Batting: LHB Monte Pollard
|
0-0: Called Strike 0-1: SOLO HOME RUN (Flyball, 89XD), Distance : 411 ft
|
Batting: LHB Johnny Hernández
|
0-0: Ball 1-0: Ground out 4-3 (Groundball, 4M)
|
Batting: RHB Dave Henderson
|
0-0: Called Strike 0-1: Ball 1-1: Called Strike 1-2: Strikes out swinging
|
Top of the 1st over - 1 run(s), 1 hit(s), 0 error(s), 0 left on base; Milton 1 - Balboa 0 |
BOTTOM OF THE 1ST |
Balboa Buccaneers batting - Pitching for Milton Bills : RHP Jim Roberts
|
Pitching: RHP Jim Roberts
|
|
Batting: RHB Derek Schroeder
|
0-0: Called Strike 0-1: SINGLE (Groundball, 34)
|
Batting: RHB César Garza
|
0-0: Grounds into double play, 4-6-3 (Groundball, 4)
|
Batting: LHB Bellchyor Lebrim
|
0-0: Called Strike 0-1: Called Strike 0-2: SINGLE (Groundball, 34D)
|
Batting: RHB Jeff Bass
|
0-0: Ball 1-0: 2-RUN HOME RUN (Line Drive, 9D), Distance : 383 ft
|
Batting: RHB Jean Lemaire
|
0-0: Foul Ball, location: 2F 0-1: Foul Ball, location: 2F 0-2: Strikes out swinging
|
Bottom of the 1st over - 2 run(s), 3 hit(s), 0 error(s), 0 left on base; Milton 1 - Balboa 2 |
TOP OF THE 2ND |
Milton Bills batting - Pitching for Balboa Buccaneers : LHP Albert Lucas
|
Batting: RHB Alden Wiley
|
0-0: Ball 1-0: Ball 2-0: SINGLE (Groundball, 56D)
|
Batting: RHB Orlando Trevino
|
0-0: Called Strike 0-1: Ball 1-1: Foul Ball, location: 2F 1-2: Ball 2-2: Foul Ball, location: 2F 2-2: Foul Ball, location: 2F 2-2: Ball 3-2: Grounds into double play, 5-4-3 (Groundball, 5L)
|
Batting: LHB Edwin Church
|
0-0: Called Strike 0-1: Swinging Strike 0-2: Strikes out looking
|
Top of the 2nd over - 0 run(s), 1 hit(s), 0 error(s), 0 left on base; Milton 1 - Balboa 2 |
BOTTOM OF THE 2ND |
Balboa Buccaneers batting - Pitching for Milton Bills : RHP Jim Roberts
|
Batting: RHB Leonard James
|
0-0: Called Strike 0-1: Called Strike 0-2: Ball 1-2: Ball 2-2: Strikes out swinging
|
Batting: RHB Louie McNeil
|
0-0: Ball 1-0: Called Strike 1-1: Ball 2-1: Ball 3-1: Foul Ball, location: 2F 3-2: Foul Ball, location: 2F 3-2: Fly out, F8 (Flyball, 78M)
|
Batting: RHB Thomas Morris
|
0-0: Fly out, F6 (Popup, 6MD)
|
Bottom of the 2nd over - 0 run(s), 0 hit(s), 0 error(s), 0 left on base; Milton 1 - Balboa 2 |
TOP OF THE 3RD |
Milton Bills batting - Pitching for Balboa Buccaneers : LHP Albert Lucas
|
Batting: RHB Steve McLeod
|
0-0: Called Strike 0-1: Ball 1-1: Ball 2-1: Foul Ball, location: 2F 2-2: Ball 3-2: Foul Ball, location: 2F 3-2: SINGLE (Groundball, 56)
|
Batting: LHB Maxwell Ings
|
0-0: Ball 1-0: Ball 2-0: Ball 3-0: Ground out U3 (Groundball, 3S) Steve McLeod to second
|
Batting: LHB David Hunt
|
0-0: Called Strike 0-1: DOUBLE (Line Drive, 3) Steve McLeod scores
|
Batting: LHB Monte Pollard
|
0-0: Ball 1-0: Swinging Strike 1-1: Foul Ball, location: 2F 1-2: Fly out, F7 (Flyball, 78S)
|
Batting: LHB Johnny Hernández
|
0-0: Ball 1-0: Called Strike 1-1: Ball 2-1: SINGLE (Groundball, 56D) David Hunt to third Throwing error, E7 David Hunt scores Johnny Hernández to second
|
Batting: RHB Dave Henderson
|
0-0: Ball 1-0: Called Strike 1-1: Fly out, F8 (Flyball, 8RXD)
|
Top of the 3rd over - 2 run(s), 3 hit(s), 1 error(s), 1 left on base; Milton 3 - Balboa 2 |
BOTTOM OF THE 3RD |
Balboa Buccaneers batting - Pitching for Milton Bills : RHP Jim Roberts
|
Batting: LHB Jafar Taha
|
0-0: Ball 1-0: DOUBLE (Line Drive, 3D)
|
Batting: RHB Derek Schroeder
|
0-0: Ball 1-0: Ball 2-0: Swinging Strike 2-1: Foul Ball, location: 2F 2-2: Ground out 5-3 (Groundball, 5S) Jafar Taha to third
|
Batting: RHB César Garza
|
0-0: Ball 1-0: Ground out U3 (Groundball, 3L)
|
Batting: LHB Bellchyor Lebrim
|
0-0: Ball 1-0: Fly out, F9 (Flyball, 89D)
|
Bottom of the 3rd over - 0 run(s), 1 hit(s), 0 error(s), 1 left on base; Milton 3 - Balboa 2 |
TOP OF THE 4TH |
Milton Bills batting - Pitching for Balboa Buccaneers : LHP Albert Lucas
|
Batting: RHB Alden Wiley
|
0-0: Ball 1-0: Ball 2-0: Ball 3-0: Swinging Strike 3-1: Base on Balls
|
Batting: RHB Orlando Trevino
|
0-0: SINGLE (Flyball, 9LS) Alden Wiley to second Runner from 2nd tries for 3rd, SAFE, no throw or cutoff
|
Batting: LHB Edwin Church
|
0-0: Called Strike 0-1: Reached on error, E6 (Groundball, 6) Alden Wiley scores Orlando Trevino to second
|
Batting: RHB Steve McLeod
|
0-0: Ball 1-0: Grounds into double play, 6-4-3 (Groundball, 6M) Orlando Trevino to third
|
Batting: RHB Ken Thompson
|
0-0: Called Strike 0-1: Foul Ball, location: 2F 0-2: Ball 1-2: Ground out 4-3 (Groundball, 4)
|
Top of the 4th over - 1 run(s), 1 hit(s), 1 error(s), 1 left on base; Milton 4 - Balboa 2 |
BOTTOM OF THE 4TH |
Balboa Buccaneers batting - Pitching for Milton Bills : RHP Jim Roberts
|
Now in RF: Ken Thompson
|
|
Batting: RHB Jeff Bass
|
0-0: SINGLE (Flyball, 9LS)
|
Batting: RHB Jean Lemaire
|
0-0: Ball 1-0: Called Strike 1-1: Foul Ball, location: 2F 1-2: Ball 2-2: Foul Ball, location: 2F 2-2: Ball 3-2: Fly out, F9 (Flyball, 89M)
|
Batting: RHB Leonard James
|
0-0: Called Strike 0-1: Ball 1-1: Fly out, F9 (Flyball, 89D)
|
Batting: RHB Louie McNeil
|
0-0: Ball 1-0: Fly out, F9 (Flyball, 9M)
|
Bottom of the 4th over - 0 run(s), 1 hit(s), 0 error(s), 1 left on base; Milton 4 - Balboa 2 |
TOP OF THE 5TH |
Milton Bills batting - Pitching for Balboa Buccaneers : LHP Albert Lucas
|
Batting: LHB David Hunt
|
0-0: Foul Ball, location: 2F 0-1: Called Strike 0-2: Foul Ball, location: 2F 0-2: Ball 1-2: Ground out 5-3 (Groundball, 56)
|
Batting: LHB Monte Pollard
|
0-0: Foul Ball, location: 2F 0-1: Ball 1-1: Swinging Strike 1-2: Ball 2-2: Foul Ball, location: 2F 2-2: Foul Ball, location: 2F 2-2: Foul Ball, location: 2F 2-2: Ground out 4-3 (Groundball, 4)
|
Batting: LHB Johnny Hernández
|
0-0: Fly out, F7 (Flyball, 7M)
|
Top of the 5th over - 0 run(s), 0 hit(s), 0 error(s), 0 left on base; Milton 4 - Balboa 2 |
BOTTOM OF THE 5TH |
Balboa Buccaneers batting - Pitching for Milton Bills : RHP Jim Roberts
|
Batting: RHB Thomas Morris
|
0-0: Ball 1-0: Ball 2-0: Foul Ball, location: 2F 2-1: Fly out, F8 (Line Drive, 8RM)
|
Batting: LHB Jafar Taha
|
0-0: Ball 1-0: Ball 2-0: Foul Ball, location: 2F 2-1: Foul Ball, location: 2F 2-2: Foul Ball, location: 2F 2-2: SINGLE (Groundball, 6MD) (infield hit)
|
Batting: RHB Derek Schroeder
|
0-0: Ball 1-0: Called Strike 1-1: Fielders Choice at 2nd, 5-4 (Groundball, 56)
|
Batting: RHB César Garza
|
0-0: Ball 1-0: Ball 2-0: Swinging Strike 2-1: Called Strike 2-2: Strikes out looking
|
Bottom of the 5th over - 0 run(s), 1 hit(s), 0 error(s), 1 left on base; Milton 4 - Balboa 2 |
TOP OF THE 6TH |
Milton Bills batting - Pitching for Balboa Buccaneers : LHP Albert Lucas
|
Batting: RHB Dave Henderson
|
0-0: Called Strike 0-1: Foul Ball, location: 2F 0-2: Ball 1-2: Ground out 6-3 (Groundball, 6)
|
Batting: RHB Alden Wiley
|
0-0: Foul Ball, location: 2F 0-1: Ball 1-1: Called Strike 1-2: Ball 2-2: Strikes out looking
|
Batting: RHB Orlando Trevino
|
0-0: Called Strike 0-1: Swinging Strike 0-2: Strikes out swinging
|
Top of the 6th over - 0 run(s), 0 hit(s), 0 error(s), 0 left on base; Milton 4 - Balboa 2 |
BOTTOM OF THE 6TH |
Balboa Buccaneers batting - Pitching for Milton Bills : RHP Jim Roberts
|
Batting: LHB Bellchyor Lebrim
|
0-0: Ball 1-0: Called Strike 1-1: Ball 2-1: Foul Ball, location: 2F 2-2: Ball 3-2: DOUBLE (Line Drive, 78M)
|
Batting: RHB Jeff Bass
|
0-0: Called Strike 0-1: Ball 1-1: Ground out 5-3 (Groundball, 5)
|
Batting: RHB Jean Lemaire
|
0-0: Ball 1-0: Ball 2-0: Fly out, F9 (Flyball, 9D) Runner from 2nd tags up, SAFE at 3rd, no throw
|
Batting: RHB Leonard James
|
0-0: Ball 1-0: Ball 2-0: Ball 3-0: Called Strike 3-1: Ground out 5-3 (Groundball, 56)
|
Bottom of the 6th over - 0 run(s), 1 hit(s), 0 error(s), 1 left on base; Milton 4 - Balboa 2 |
TOP OF THE 7TH |
Milton Bills batting - Pitching for Balboa Buccaneers : LHP Albert Lucas
|
Batting: LHB Edwin Church
|
0-0: Ground out U3 (Groundball, 3L)
|
Batting: RHB Steve McLeod
|
0-0: Ball 1-0: Foul Ball, location: 2F 1-1: Ball 2-1: Foul Ball, location: 2F 2-2: SINGLE (Line Drive, 4D)
|
Batting: RHB Ken Thompson
|
0-0: Foul Ball, location: 2F 0-1: Ball 1-1: Ball 2-1: Ball 3-1: Called Strike 3-2: SINGLE (Groundball, 34D) Steve McLeod to second Runner from 2nd tries for 3rd, SAFE, no throw or cutoff
|
Pinch Hitting: RHB Jim Unknown
|
0-0: Foul Ball, location: 2F 0-1: Called Strike 0-2: Foul Ball, location: 2F 0-2: Foul Ball, location: 2F 0-2: Grounds into double play, 6-4-3 (Groundball, 6)
|
Top of the 7th over - 0 run(s), 2 hit(s), 0 error(s), 1 left on base; Milton 4 - Balboa 2 |
BOTTOM OF THE 7TH |
Balboa Buccaneers batting - Pitching for Milton Bills : RHP Jim Roberts
|
Now at 1B: Jim Unknown
|
|
Batting: RHB Louie McNeil
|
0-0: Ball 1-0: Ball 2-0: Called Strike 2-1: Ball 3-1: Foul Ball, location: 2F 3-2: Base on Balls
|
Batting: RHB Thomas Morris
|
0-0: Ball 1-0: Ground out 2-3 (Groundball, 25) Louie McNeil to second
|
Batting: LHB Jafar Taha
|
0-0: Called Strike 0-1: Ball 1-1: Ground out U3 (Groundball, 3L) Louie McNeil to third
|
Batting: RHB Derek Schroeder
|
0-0: Called Strike 0-1: Ball 1-1: Ball 2-1: Ball 3-1: Fly out, F8 (Line Drive, 8LM)
|
Bottom of the 7th over - 0 run(s), 0 hit(s), 0 error(s), 1 left on base; Milton 4 - Balboa 2 |
TOP OF THE 8TH |
Milton Bills batting - Pitching for Balboa Buccaneers : LHP Albert Lucas
|
Batting: LHB Monte Pollard
|
0-0: Fly out, F7 (Flyball, 7D)
|
Batting: LHB Johnny Hernández
|
0-0: Swinging Strike 0-1: Called Strike 0-2: Foul Ball, location: 2F 0-2: Ball 1-2: Foul Ball, location: 2F 1-2: Strikes out swinging
|
Batting: RHB Dave Henderson
|
0-0: Ball 1-0: Ball 2-0: Called Strike 2-1: Ball 3-1: Fly out, F8 (Line Drive, 8LS)
|
Top of the 8th over - 0 run(s), 0 hit(s), 0 error(s), 0 left on base; Milton 4 - Balboa 2 |
BOTTOM OF THE 8TH |
Balboa Buccaneers batting - Pitching for Milton Bills : RHP Jim Roberts
|
Batting: RHB César Garza
|
0-0: Ball 1-0: Called Strike 1-1: Ground out 4-3 (Groundball, 4)
|
Batting: LHB Bellchyor Lebrim
|
0-0: SINGLE (Line Drive, 78M)
|
Batting: RHB Jeff Bass
|
0-0: Called Strike 0-1: Ground out 4-3 (Groundball, 4M) Bellchyor Lebrim to second
|
Batting: RHB Jean Lemaire
|
0-0: Swinging Strike 0-1: Foul Ball, location: 2F 0-2: Ground out 6-3 (Groundball, 6)
|
Bottom of the 8th over - 0 run(s), 1 hit(s), 0 error(s), 1 left on base; Milton 4 - Balboa 2 |
TOP OF THE 9TH |
Milton Bills batting - Pitching for Balboa Buccaneers : LHP Albert Lucas
|
Pitching: RHP José Domingo
|
|
Batting: RHB Alden Wiley
|
0-0: SINGLE (Line Drive, 6MD)
|
Batting: RHB Orlando Trevino
|
0-0: Foul Ball, location: 2F 0-1: Swinging Strike 0-2: Strikes out swinging
|
Batting: LHB Edwin Church
|
0-0: Called Strike 0-1: SINGLE (Flyball, 8RS) Alden Wiley to second
|
Pinch Hitting: LHB Jim Unknown
|
0-0: Foul Ball, location: 2F 0-1: Grounds into double play, 1-6-3 (Groundball, 15)
|
Top of the 9th over - 0 run(s), 2 hit(s), 0 error(s), 1 left on base; Milton 4 - Balboa 2 |
BOTTOM OF THE 9TH |
Balboa Buccaneers batting - Pitching for Milton Bills : RHP Jim Roberts
|
Pitching: RHP Carl Flowers
|
|
Now in RF: Jim Unknown
|
|
Batting: RHB Leonard James
|
0-0: Fly out, F3 (Popup, 3S)
|
Batting: RHB Louie McNeil
|
0-0: Ball 1-0: Foul Ball, location: 2F 1-1: SOLO HOME RUN (Line Drive, 78XD), Distance : 433 ft
|
Pinch Hitting: RHB Jim Unknown
|
0-0: Ball 1-0: Foul Ball, location: 2F 1-1: Ball 2-1: Ball 3-1: Base on Balls
|
Batting: LHB Jafar Taha
|
0-0: Called Strike 0-1: Ball 1-1: Fly out, F6 (Line Drive, 6)
|
Batting: RHB Derek Schroeder
|
0-0: Called Strike 0-1: Foul Ball, location: 2F 0-2: Strikes out swinging
|
Bottom of the 9th over - 1 run(s), 1 hit(s), 0 error(s), 1 left on base; Milton 4 - Balboa 3 |
|